 Dungeon Crawl Stone Soup version 0.31-a0-149-g3fdcc5976a (webtiles) character file.

Game seed: 4185318163014300975

207 qw the Shooter (level 5, -1/45 HPs)
             Began as a Minotaur Hunter on June 7, 2023.
             Slain by a cerulean imp
             ... wielding a +1 spear
             ... summoned by Natasha
              (3 damage)
             ... on level 3 of the Dungeon.
             The game lasted 00:00:38 (2015 turns).

qw the Shooter (Minotaur Hunter)                    Turns: 2015, Time: 00:00:39

Health: -1/45      AC:  4    Str: 16    XL:     5   Next: 54%
Magic:  4/4        EV: 12    Int:  6    God:
Gold:   72         SH:  0    Dex: 15    Spells: 4/4 levels left

rFire   . . .        Y - +0 shortbow (heavy)
rCold   . . .        (shield currently unavailable)
rNeg    . . .        c - +0 leather armour
rPois   .            (helmet restricted)
rElec   .            (no cloak)
rCorr   .            (no gloves)
SInv    +            d - +0 pair of boots
Will    .....        (no amulet)
Stlth   +            e - ring of see invisible
HPRegen 0.27/turn    (no ring)
MPRegen 0.09/turn

%: no passive effects
@: no status effects
A: horns 2, retaliatory headbutt
a: no special abilities


You were on level 3 of the Dungeon.
You visited 1 branch of the dungeon, and saw 3 of its levels.

You collected 111 gold pieces.
You spent 39 gold pieces at shops.


Innate Abilities, Weirdness & Mutations

You have a pair of horns on your head.
You reflexively headbutt those who attack you in melee.


   Skills:
 + Level 3.5 Fighting
 - Level 7.0 Ranged Weapons
 - Level 1.2 Armour
 - Level 2.1 Dodging
 - Level 0.7 Stealth


You had 4 spell levels left.
You didn't know any spells.
Your spell library was empty.

Inventory:

Hand Weapons
 Y - a +0 heavy shortbow (weapon)
Armour
 c - a +0 leather armour (worn)
 d - a +0 pair of boots (worn)
 l - a +0 ring mail
Jewellery
 b - a ring of see invisible
 e - a ring of see invisible (left hand)
Scrolls
 k - 2 scrolls of identify
 m - a scroll of magic mapping {unknown}
Potions
 a - a potion of invisibility {unknown}
 f - a potion of mutation {unknown}
 g - 2 potions of curing
 h - a potion of heal wounds {unknown}
 i - a potion of might {unknown}
 j - a potion of magic {unknown}

Dungeon Overview and Level Annotations

Branches:
Dungeon (3/15)

Altars:

Shops:
D:1 [!

Annotations:
D:3 Natasha


Message History

Enter note:
Enter note:
Enter note: You shoot an arrow.
The arrow barely misses the orc.
Natasha, Servant of Life and Death comes into view.
You shoot an arrow. The arrow barely misses the orc.
Natasha hisses angrily.
You shoot an arrow. The arrow closely misses the orc.
Natasha stares at you and mumbles some strange words.
The magic dart hits you.
You shoot an arrow. The arrow hits the orc!
You kill the orc!
Natasha casts a spell.
You shoot an arrow. The arrow closely misses Natasha.
You shoot an arrow. The arrow closely misses Natasha.
Natasha claws you but does no damage.
The cerulean imp hits you but does no damage.
You shoot an arrow. The arrow closely misses Natasha.
Natasha howls an incantation.
You feel troubled. Natasha claws you.
The cerulean imp hits you from afar with a +1 spear.
Natasha barely misses you.
The cerulean imp hits you from afar with a +1 spear.
You shoot an arrow. The arrow barely misses Natasha.
Natasha stares at you and mumbles some strange words.
The magic dart hits you.
The cerulean imp hits you from afar with a +1 spear.
Natasha claws you!
The cerulean imp hits you from afar with a +1 spear.
You shoot an arrow.
The arrow hits Natasha but does no damage.
Natasha claws you.
The cerulean imp hits you from afar with a +1 spear.
You shoot an arrow. The arrow barely misses Natasha.
Natasha claws you.
The cerulean imp hits you from afar with a +1 spear.
Natasha claws you.
The cerulean imp hits you from afar with a +1 spear.
You die...

### ### #.#####.# ####
#.......# #.^
#.#####.# #.#
#.#####.#####.#
#.....#.......########
#####.########@h......
#............+........
#.###.########.5......
#.# #.# .........
###.###.### ####.#...
........... .. ..
###.###.### ## # #.#
#.# #.# #..


You could see Natasha and a cerulean imp (summoned).

Vanquished Creatures
  A black bear (D:3)
  6 adders
  2 dart slugs (D:3)
  3 orcs
  2 endoplasms
  2 giant cockroaches (D:1)
  6 goblins
  9 hobgoblins
  3 kobolds
  A quokka (D:1)
  3 ball pythons (D:1)
  4 bats
  2 frilled lizards (D:1)
  4 rats
48 creatures vanquished.

Notes
Turn   | Place    | Note
-------+----------+-------------------------------------------
     0 | D:1      | qw the Minotaur Hunter began the quest for the Orb.
     0 | D:1      | Reached XP level 1. HP: 18/18 MP: 0/0
     0 | D:1      | 0 ||| qw: Version: 0.2-a-117-gc6b5c8b
     0 | D:1      | 0 ||| qw: Game counter: 2696
     0 | D:1      | 0 ||| qw: Always use a shield: true
     0 | D:1      | 0 ||| qw: God list: Okawaru
     0 | D:1      | 0 ||| qw: Allow faded altars: false
     0 | D:1      | 0 ||| qw: Do Orc after D:15 true
     0 | D:1      | 0 ||| qw: Do second Lair branch before Depths: true
     0 | D:1      | 0 ||| qw: Lair rune preference: random
     0 | D:1      | 0 ||| qw: Plans: Normal
     0 | D:1      | 0 ||| PLANNING D:1-11
   139 | D:1      | Reached XP level 2. HP: 18/25 MP: 1/1
   206 | D:1      | Reached skill level 5 in Ranged Weapons
   347 | D:1      | Reached skill level 3 in Fighting
   360 | D:1      | Found Katueh's Antique Armour Shop.
   370 | D:1      | 370 ||| SHOPLISTING crude leather armour (147 gold, have
                  | 41).
   370 | D:1      | 370 ||| SHOPLISTING dyed leather armour (105 gold, have
                  | 41).
   370 | D:1      | 370 ||| SHOPLISTING glowing scarf (168 gold, have 41).
   370 | D:1      | 370 ||| SHOPLISTING shiny ring mail (147 gold, have 41).
   393 | D:1      | Found Suluc's Distillery.
   400 | D:1      | 400 ||| SHOPLISTING 2 potions of cancellation (208 gold,
                  | have 41).
   400 | D:1      | 400 ||| SHOPLISTING potion of cancellation (104 gold, have
                  | 41).
   400 | D:1      | 400 ||| BUYING potion of curing (39 gold).
   400 | D:1      | Bought a potion of curing for 39 gold pieces
   400 | D:1      | 400 ||| SHOPLISTING potion of curing (39 gold, have 2).
   400 | D:1      | 400 ||| SHOPLISTING potion of heal wounds (65 gold, have
                  | 2).
   400 | D:1      | 400 ||| SHOPLISTING potion of mutation (104 gold, have 2).
   400 | D:1      | 400 ||| SHOPLISTING potion of resistance (130 gold, have
                  | 2).
   726 | D:1      | 726 ||| UPGRADING to +0 pair of boots.
   731 | D:1      | 731 ||| READING scroll labelled QOACOA JIJOEP.
   732 | D:1      | 732 ||| READING 2 scrolls labelled POYSENOGINK.
   833 | D:1      | 833 ||| READING scroll labelled OKOISE YTROYR.
   834 | D:1      | 834 ||| DROPPING scroll of butterflies.
   835 | D:1      | 835 ||| DROPPING scroll of silence.
   890 | D:2      | Reached XP level 3. HP: 27/31 MP: 2/2
  1299 | D:2      | 1299 ||| STAIRDANCE
  1349 | D:1      | 1349 ||| UPGRADING to ring of see invisible.
  1350 | D:1      | 1350 ||| READING scroll labelled PAEVYJ XAYF.
  1351 | D:1      | 1351 ||| READING 3 scrolls labelled FIDGHA XUNESSI.
  1352 | D:1      | 1352 ||| DROPPING 2 scrolls of vulnerability.
  1462 | D:2      | Found a faded altar of an unknown god.
  1564 | D:2      | 1564 ||| READING scroll labelled ULIUROARRU.
  1627 | D:3      | Noticed a black bear
  1635 | D:3      | Killed a black bear
  1636 | D:3      | Reached skill level 7 in Ranged Weapons
  1636 | D:3      | Reached XP level 4. HP: 14/38 MP: 3/3
  1636 | D:3      | Reached XP level 5. HP: 17/45 MP: 4/4
  1640 | D:3      | HP: 11/45 [poisoned by an adder]
  1644 | D:3      | Reached skill level 1 in Armour
  2006 | D:3      | Noticed Natasha
  2014 | D:3      | HP: 11/45 [cerulean imp/+1 spear[Natasha] (2)]
  2015 | D:3      | HP: 5/45 [cerulean imp/+1 spear[Natasha] (1)]
  2015 | D:3      | HP: 2/45 [Natasha (3)]
  2015 | D:3      | Slain by a cerulean imp

Levels and vault maps discovered:
D:1:      dpeg_arrival_rhombi, layout_rooms, serial_shops, shop,
          nicolae_shop_rolling_square, nicolae_eternal_life, moated_statue,
          minmay_crystal_water
D:2:      layout_loops_ring, hellmonk_ecumenical_altar_zigzags
D:3:      minmay_spotlight, layout_basic, uniq_natasha

Skill      XL: |  1  2  3  4  5 |
---------------+----------------+-----
Ranged Weapons | 5 7 |  7.0
Fighting       | 3 |  3.5
Armour         | 1 |  1.2
Dodging        | |  2.1
Stealth        | |  0.7

Action                     |  1- 3 |  4- 6 || total
---------------------------+-------+-------++-------
   Fire: Shortbow          |    89 |    37 ||   126
    Use: Scroll            |     6 |       ||     6
 Armour: Leather armour    |    15 |     5 ||    20
  Dodge: Dodged            |    32 |    19 ||    51

Table legend:
 A = Non-vault XP
 B = Vault XP
 C = Vault XP percentage of total XP
 D = Non-vault monster count
 E = Vault monster count
 F = Vault count percentage of total count
                 A         B        C        D         E       F
            +---------+---------+-------+---------+---------+-------
      Total |     264 |      32 |  10.8 |      42 |       6 |  12.5
            +---------+---------+-------+---------+---------+-------
        D:1 |      51 |       0 |   0.0 |      22 |       0 |   0.0
        D:2 |      29 |       0 |   0.0 |      10 |       0 |   0.0
        D:3 |     184 |      32 |  14.8 |      10 |       6 |  37.5
            +---------+---------+-------+---------+---------+-------
